Map: Scythe of Amon

Players

wasp

  • Race: Protoss Protoss

larsgj

  • Race: Terran Terran

VOD

Have the link to the VOD?

Description

Time

  • Played on: Nov. 7, 2018, 12:39 p.m.
  • Length: 18:34
Show
View Real Time Build Order
Export as new Build Order

wasp Protoss 

Build Orders:  

Get SALT Encoding   

    0:00  Probe x12 (Chrono Boost)  
    0:09  Unknown x2  
  12  0:27  Pylon  
  12  0:46  Pylon  
  12  1:03  Forge  
  12  1:20  Gateway  
  12  2:27  Pylon  
  12  2:48  Cybernetics Core  
  12  2:51  Assimilator  
  12  3:02  Photon Cannon  
  12  3:07  Photon Cannon  
  12  3:15  Photon Cannon  
  12  3:26  Pylon  
  12  3:43  Photon Cannon  
  12  3:53  Zealot  
  14  4:11  Photon Cannon  
  14  4:37  Pylon  
  14  4:49  Zealot x2  
  18  5:05  Assimilator  
  18  5:18  Zealot  
  14  7:20  Stargate  
  14  7:24  Probe (Chrono Boost)  
  15  7:38  Probe (Chrono Boost)  
  15  7:39  Zealot x3  
  22  7:52  Probe (Chrono Boost)  
  23  8:06  Probe (Chrono Boost)  
  24  8:20  Probe (Chrono Boost)  
  17  8:54  Phoenix  
  17  8:55  Phoenix  
  21  9:01  Dragoon x2  
  21  9:06  Zealot  
  21  10:22  Fleet Beacon  
  21  10:24  Probe (Chrono Boost)  
  22  10:38  Probe (Chrono Boost)  
  23  10:52  Probe (Chrono Boost)  
  24  11:06  Probe (Chrono Boost)  
  25  11:20  Probe (Chrono Boost)  
  25  11:24  Tempest  
  30  11:30  Zealot x2  
  34  12:08  Tempest  
  38  12:47  Protoss Ground Armor Level 1  
  38  12:53  Protoss Air Armor Level 1  
  38  13:01  Phoenix  
  38  13:07  Zealot  
  42  13:12  Zealot  
  32  15:27  Protoss Ground Weapons Level 1  
  32  15:33  Protoss Air Weapons Level 1  
  30  16:00  Tempest x3  
  30  16:07  Zealot  
  30  16:08  Zealot x2  
Show
View Real Time Build Order
Export as new Build Order

larsgj Terran 

Build Orders:  

Get SALT Encoding   

    0:00  SCV x12  
    0:09  Unknown x2  
  12  0:12  SCV  
  13  0:37  Supply Depot  
  13  0:51  Barracks  
  13  0:59  SCV  
  14  1:16  SCV  
  15  1:27  Marine  
  16  1:30  Barracks  
  16  1:35  SCV  
  16  1:37  Marine  
  17  1:47  Marine  
  18  1:56  Supply Depot  
  19  2:00  Marine  
  19  2:04  Marine  
  21  2:21  Refinery  
  21  2:25  Refinery  
  21  2:28  SCV  
  22  2:45  Marine x2, SCV  
  25  2:55  Marine  
  26  3:02  Engineering Bay  
  26  3:05  Unknown  
  26  3:14  SCV  
  27  3:24  Barracks Tech Lab  
  27  3:29  Barracks Tech Lab  
  27  3:31  SCV  
  28  3:44  Supply Depot  
  28  3:48  SCV  
  29  4:07  Marine  
  30  4:14  Stabilizer Medpacks  
  30  4:20  SCV  
  30  4:28  Medic  
  31  4:31  Medic  
  35  4:50  SCV  
  35  4:58  Supply Depot  
  36  5:01  Terran Infantry Weapons Level 1  
  35  6:39  Factory  
  35  7:00  SCV  
  35  7:07  Medic x2  
  38  7:17  Marine x2, SCV  
  41  7:24  Supply Depot  
  41  7:27  Marine, Medic, Supply Depot  
  43  7:34  SCV  
  43  7:37  Marine, Medic  
  47  7:41  Terran Infantry Armor Level 1  
  47  7:47  Marine  
  47  7:48  Marine  
  50  7:51  SCV  
  53  8:08  SCV  
  48  8:57  Marine x2  
  44  9:07  Marine x2  
  44  9:17  Medic x2  
  46  9:27  Medic  
  46  9:28  Marine  
  50  9:31  Armory  
  50  9:33  Starport  
  50  9:38  Marine x2  
  53  9:40  SCV  
  56  9:57  SCV  
  56  9:59  Bunker  
  57  10:14  SCV, Marine  
  57  10:15  Marine  
  60  10:21  Structure Armor  
  60  10:24  Starport  
  60  10:26  Starport Tech Lab  
  60  10:31  Bunker, Neosteel Frame, SCV  
  61  10:40  Supply Depot  
  61  10:43  Supply Depot  
  61  10:48  SCV  
  62  10:54  Supply Depot x2  
  62  11:05  Bunker  
  62  11:18  Starport Tech Lab  
  62  11:19  Fusion Core  
  62  11:26  Marauder x2  
  66  11:34  SCV  
  66  11:38  Marine  
  67  11:43  Missile Turret  
  68  11:51  Marauder  
  68  11:54  Marine  
  71  12:03  Marine  
  71  12:04  Marine  
  73  12:13  Missile Turret  
  73  12:14  Marine  
  74  12:41  Missile Turret  
  74  12:43  SCV  
  75  12:52  Supply Depot  
  75  12:55  Supply Depot  
  75  12:58  Supply Depot x2  
  75  12:59  Supply Depot  
  75  13:00  SCV  
  76  13:16  Marine x2  
  76  13:17  SCV  
  79  13:26  Marine x2  
  81  13:34  SCV  
  81  13:36  Marine  
  83  13:51  SCV  
  84  14:08  SCV  
  85  14:19  Battlecruiser  
  85  14:25  SCV  
  92  14:36  Battlecruiser  
  98  14:41  SCV  
  99  15:48  Battlecruiser x2  
  99  15:57  SCV  
  112  16:13  Advanced Optics  
  112  16:14  SCV  
  113  16:31  SCV  
Tags
 
Commander
ArtanisRaynor
Matchup
Co-op
Replay Pack
Multiplayer
Add a new tag
Caveats
  • Supply blocks, unpowered buildings, or Contaminate may cause inaccurate times.
  • Supply counts are checked every 10 seconds.